 Dungeon Crawl Stone Soup version 0.22-a0-240-g539252a (webtiles) character file.

1765 b5mith the Skirmisher (level 8, -10/74 HPs)
             Began as a Minotaur Berserker on Feb 21, 2018.
             Was a Priest of Trog.
             Killed from afar by a steam dragon (18 damage)
             ... with a ball of steam
             ... on level 7 of the Dungeon.
             The game lasted 00:14:05 (5769 turns).

b5mith the Skirmisher (Minotaur Berserker)          Turns: 5769, Time: 00:14:06

Health: -10/74     AC:  1    Str: 24    XL:     8   Next: 79%
Magic:  7/7        EV: 16    Int:  4    God:    Trog [***...]
Gold:   133        SH:  0    Dex: 15    Spells: 7/7 levels left

rFire    . . .     SeeInvis .   a - +0 mace
rCold    . . .     Gourm    .   (no shield)
rNeg     . . .     Faith    .   t - +2 leather armour {rPois}
rPois    +         Spirit   .   (helmet restricted)
rElec    .         Reflect  .   (no cloak)
rCorr    .         Harm     .   (no gloves)
MR       .....                  (no boots)
Stlth    +.........             (no amulet)
HPRegen  0.22/turn              s - +5 ring of dexterity
MPRegen  0.10/turn              (no ring)

@: corroded
A: retaliatory headbutt, horns 2
a: Berserk, Trog's Hand, Renounce Religion


You were on level 7 of the Dungeon.
You worshipped Trog.
Trog was most pleased with you.
You were not hungry.

You visited 1 branch of the dungeon, and saw 7 of its levels.

You collected 341 gold pieces.
You spent 208 gold pieces at shops.

Inventory:

Hand Weapons
 a - a +0 mace (weapon)
 p - a +0 flail
Missiles
 m - 152 stones (quivered)
Armour
 t - a +2 leather armour of poison resistance (worn)
Jewellery
 s - a +5 ring of dexterity (left hand)
Wands
 x - a wand of polymorph (8)
Scrolls
 d - 5 scrolls of enchant armour
 f - a scroll of enchant weapon {unknown}
 k - a scroll of noise
 n - 5 scrolls of remove curse {@r2}
 o - a scroll of amnesia {unknown}
 q - a scroll of teleportation
 y - a scroll of fog {unknown}
Potions
 e - 2 potions of haste
 g - 2 potions of heal wounds
 h - 4 potions of brilliance
 i - 3 potions of curing {@q1}
 j - a potion of magic {unknown}
 l - a potion of mutation {unknown}
 u - a potion of degeneration {unknown}
 v - a potion of flight
 w - a potion of might {unknown}
Comestibles
 c - 10 rations


   Skills:
 + Level 7.7 Fighting
 + Level 7.7 Maces & Flails
 + Level 7.2 Armour
 + Level 6.5 Dodging


You had 7 spell levels left.
You didn't know any spells.

Dungeon Overview and Level Annotations

Branches:
Dungeon (7/15)             Temple (0/1) D:4

Altars:
Dithmenos
Fedhas
Trog
Uskayaw

Shops:
D:6 %=[

Annotations:
D:5 exclusion: player ghost


Innate Abilities, Weirdness & Mutations

You reflexively headbutt those who attack you in melee.
You have a pair of horns on your head.


Message History

The orc barely misses you.
A quokka comes into view.
The orc hits you with a short sword.
* * * LOW HITPOINT WARNING * * *
You see here a scimitar.
Your surroundings suddenly seem different.
Splash!
You fall into the shallow water.
Moving in this stuff is going to be slow.
You hear a shout!
A steam dragon comes into view.
The steam dragon breathes steam at you. The ball of steam hits you!
* * * LOW HITPOINT WARNING * * *
Found a dagger.
You are engulfed in a cloud of scalding steam.
* * * LOW HITPOINT WARNING * * *
The steam dragon breathes steam at you. The ball of steam hits you!
You die...

##..... ... ....... ..
# ####...
#.###.######... #####
#...##..........
#≈≈≈≈# .....# #.......
§.....#
..8.≈####.....##
#....#.§D≈≈#....)o....
#.§)@§§≈≈##..........
##§§§≈# ####.o.(.##
###### #..o....
......(## ..>....(.
...)....?( ##........r
#.........


You could see a steam dragon.

Vanquished Creatures
  The ghost of LasiaceMobile the Slasher, a novice OpGl of Cheibriados (D:5)
  Duvessa (D:5)
  2 sky beasts
  2 black bears
  An ogre (D:6)
  A centaur (D:7)
  A big kobold (D:7)
  Dowan (D:5)
  A water moccasin skeleton (D:4)
  2 howler monkeys
  A crimson imp (D:5)
  A hound (D:5)
  A centaur skeleton (D:6)
  A jelly (D:7)
  3 orc wizards (D:5)
  3 orc priests
  Terence (D:2)
  A bullfrog skeleton (D:5)
  3 worker ants
  3 killer bee zombies
  2 hound skeletons
  3 adders
  A gnoll (D:1)
  2 oozes
  2 worms
  A dart slug (D:3)
  3 leopard geckos
  15 orcs
  A bat (D:3)
  3 giant cockroaches
  6 goblins
  3 hobgoblins
  4 jackals (D:3)
  3 kobolds (D:7)
  A quokka (D:3)
  3 ball pythons
  A ball python skeleton (D:4)
  2 frilled lizards
  A jackal zombie (D:6)
  A quokka skeleton (D:4)
  9 rats
98 creatures vanquished.

Notes
Turn   | Place    | Note
-------+----------+-------------------------------------------
     0 | D:1      | b5mith the Minotaur Berserker began the quest for the Orb.
     0 | D:1      | Reached XP level 1. HP: 19/19 MP: 0/0
    42 | D:1      | Reached XP level 2. HP: 27/27 MP: 1/1
  1212 | D:2      | Noticed Terence
  1215 | D:2      | Reached XP level 3. HP: 31/33 MP: 2/2
  1222 | D:2      | Killed Terence
  1944 | D:3      | Reached XP level 4. HP: 34/40 MP: 3/3
  2011 | D:3      | Noticed a black bear
  2022 | D:3      | Killed a black bear
  2022 | D:3      | Reached ** piety under Trog
  2022 | D:3      | Reached XP level 5. HP: 19/47 MP: 4/4
  2861 | D:4      | Reached skill level 5 in Fighting
  2861 | D:4      | Reached skill level 5 in Maces & Flails
  2887 | D:4      | Reached XP level 6. HP: 40/56 MP: 5/5
  3171 | D:4      | Found a staircase to the Ecumenical Temple.
  3301 | D:5      | Entered Level 5 of the Dungeon
  3337 | D:5      | Noticed Dowan
  3340 | D:5      | Noticed Duvessa
  3357 | D:5      | Killed Duvessa
  3368 | D:5      | Killed Dowan
  3368 | D:5      | Reached skill level 5 in Armour
  3368 | D:5      | Reached XP level 7. HP: 20/62 MP: 6/6
  3508 | D:5      | Noticed LasiaceMobile's ghost (novice OpGl)
  3520 | D:5      | Killed LasiaceMobile's ghost
  3520 | D:5      | Reached skill level 5 in Dodging
  3862 | D:5      | Found a blossoming altar of Fedhas.
  3921 | D:5      | Found a shadowy altar of Dithmenos.
  3921 | D:5      | Found a hide-covered altar of Uskayaw.
  3992 | D:5      | Found a bloodstained altar of Trog.
  4045 | D:5      | Reached XP level 8. HP: 36/71 MP: 7/7
  4219 | D:5      | Reached *** piety under Trog
  4704 | D:6      | Found Qeinaunt's Armour Emporium.
  4707 | D:6      | Bought a +2 leather armour of poison resistance for 208 gold pieces
  4759 | D:6      | Found Imoxkif's Jewellery Boutique.
  5097 | D:6      | Found Ojarphoty's Weapon Emporium.
  5475 | D:6      | Found Ruaxtuc's Food Emporium.
  5769 | D:7      | Killed from afar by a steam dragon

Vault maps used:
D:1:      minmay_arrival_stair_chambers
D:2:      uniq_terence
D:4:      nicolae_overflow_hidden_temple, minmay_temple_entry_overgrown,
          st_stairs_8
D:5:      bloody_trog, lemuel_doored_altar,
          chequers_temple_overflow_statue_of_worship,
          nicolae_ossuary_entry_ruins, first_ration, minivault_23,
          kennysheep_generic_room_4, uniq_duvessa
D:6:      serial_shops, kennysheep_little_box, shop, shop, shop
D:7:      cheibrodos_steamvent, xom_teletrap_fun

Skill      XL: |  1  2  3  4  5  6  7  8 |
---------------+-------------------------+-----
Fighting       | 4 5 6 7 |  7.7
Maces & Flails | 4 5 6 7 |  7.7
Armour         | 3 4 5 6 7 |  7.2
Dodging        | 3 4 5 6 |  6.5

Action                   |  1- 3 |  4- 6 |  7- 9 || total
-------------------------+-------+-------+-------++-------
Melee: Mace              |    48 |    96 |   126 ||   270
       Headbutt          |     5 |    16 |    39 ||    60
Throw: Stone             |       |    14 |    10 ||    24
Invok: Berserk           |     1 |     1 |     1 ||     3
  Use: Scroll            |     1 |     2 |     5 ||     8
       Potion            |       |       |     2 ||     2
 Stab: Sleeping          |     1 |     1 |       ||     2
  Eat: Chunk             |     4 |     4 |     1 ||     9
       Ration            |       |       |     3 ||     3
Armor: Animal skin       |     1 |    13 |     5 ||    19
       Leather armour    |       |       |    11 ||    11
Dodge: Dodged            |    23 |    63 |    89 ||   175

Table legend:
 A = Spawn XP
 B = Non-spawn XP
 C = Spawn XP percentage of total XP
 D = Spawn monster count
 E = Non-spawn monster count
 F = Spawn count percentage of total count
 G = Total turns spent on level
                    A         B        C        D         E        F      G
               +---------+---------+-------+---------+---------+-------+---------
         Total |       0 |    2522 |   0.0 |       0 |      98 |   0.0 |  5769
               +---------+---------+-------+---------+---------+-------+---------
           D:1 |       0 |      20 |   0.0 |       0 |       6 |   0.0 |  1037
           D:2 |       0 |      72 |   0.0 |       0 |      12 |   0.0 |   790
           D:3 |       0 |     173 |   0.0 |       0 |      23 |   0.0 |   921
           D:4 |       0 |     255 |   0.0 |       0 |      15 |   0.0 |   553
           D:5 |       0 |    1078 |   0.0 |       0 |      15 |   0.0 |  1309
           D:6 |       0 |     465 |   0.0 |       0 |      14 |   0.0 |   931
           D:7 |       0 |     459 |   0.0 |       0 |      13 |   0.0 |   228
               +---------+---------+-------+---------+---------+-------+---------
